 Dungeon Crawl Stone Soup version 0.30-a0-359-gd0147acb1a (webtiles) character file.

Game seed: 3925606081876528785

2140 gruber the Slicer (level 9, -12/45 HPs)
             Began as a Vine Stalker Fighter on Nov 11, 2022.
             Was an Initiate of Gozag.
             Mangled by a gnoll
             ... wielding a +1 whip of electrocution
              (17 damage)
             ... on level 6 of the Dungeon.
             The game lasted 00:05:48 (4650 turns).

gruber the Slicer (Vine Stalker Fighter)            Turns: 4650, Time: 00:05:50

Health: -12/45     AC:  8    Str: 19    XL:     9   Next: 30%
Magic:  0/10       EV: 10    Int:  8    God:    Gozag
Gold:   340        SH:  5    Dex: 18    Spells: 8/8 levels left

rFire   . . .      SeeInvis .    l - +0 short sword (venom)
rCold   . . .      Faith    .    c - +0 buckler
rNeg    . . .      Spirit   +    b - +0 scale mail
rPois   +          Reflect  .    (no helmet)
rElec   .          Harm     .    (no cloak)
rCorr   .          Rampage  .    (no gloves)
Will    ++...                    h - +0 pair of boots
Stlth   +.........               (no amulet)
HPRegen 1.07/turn                o - ring of Midsummer {Fly rPois Will+ Stlth+}
MPRegen 0.12/turn                (no ring)

@: flying
A: fangs 3, regeneration 1, magic shield, antimagic bite, no potion heal 2
a: Renounce Religion, Potion Petition, Call Merchant, Bribe Branch


You were on level 6 of the Dungeon.
You worshipped Gozag.
Gozag was aware of your devotion.
You visited 2 branches of the dungeon, and saw 7 of its levels.
You also visited: Sewer.

You collected 392 gold pieces.
You paid 52 gold pieces to Gozag.

Inventory:

Hand Weapons
 a - a +0 rapier
 l - a +0 short sword of venom (weapon)
Missiles
 t - 8 poisoned darts (quivered)
Armour
 b - a +0 scale mail (worn)
 c - a +0 buckler (worn)
 h - a +0 pair of boots (worn)
Jewellery
 k - a ring of ice
 o - the ring of Midsummer (left hand) {Fly rPois Will+ Stlth+}
   (You found it on level 3 of the Dungeon)

   [ring of willpower]

   rPois:     It protects you from poison.
   Fly:       It grants you flight.
   Will:      It increases your willpower.
   Stlth:     It makes you more stealthy.
Wands
 f - a wand of flame (54)
 s - a wand of light (6)
Scrolls
 d - a scroll of vulnerability {unknown}
 e - 3 scrolls of brand weapon {unknown}
 g - 9 scrolls of identify {unknown}
 j - a scroll of blinking {unknown}
 m - 2 scrolls of teleportation {unknown}
 p - a scroll of noise {unknown}
 q - a scroll of enchant armour {unknown}
 r - 2 scrolls of poison {unknown}
 x - 4 scrolls of fear {unknown}
 y - 2 scrolls of silence {unknown}
Potions
 i - a potion of curing
 n - a potion of invisibility {unknown}
 u - 3 potions of attraction {unknown}
 v - a potion of ambrosia
 w - 3 potions of brilliance {unknown}
 z - a potion of flight {unknown}
 A - a potion of might


   Skills:
 - Level 4.2 Fighting
 * Level 8.5 Short Blades
 - Level 5.0 Armour
 - Level 2.2 Dodging
 - Level 4.0 Shields


You had 8 spell levels left.
You didn't know any spells.
Your spell library was empty.

Dungeon Overview and Level Annotations

Branches:
Dungeon (6/15)             Temple (1/1) D:4           Sewer (visited)

Altars:
Ashenzari
Cheibriados
Dithmenos
Elyvilon
Fedhas
Gozag
Hepliaklqana
Kikubaaqudgha
Nemelex Xobeh
Okawaru
Qazlal
Ru
Sif Muna
Trog
Uskayaw
Vehumet
Wu Jian
Xom
Yredelemnul
The Shining One


Innate Abilities, Weirdness & Mutations

You have razor-sharp teeth.
Your natural rate of healing is unusually fast.
When hurt, damage is shared between your health and your magic reserves.
Your bite disrupts and absorbs the magic of your enemies.
Potions cannot restore your health.


Message History

Things that are here:
a +0 short sword; a +0 hand axe You now have 340 gold pieces (gained 8).
Things that are here:
a +0 club; a +0 robe
w - 3 dark potions (gained 1)
A gnoll comes into view.
It is wielding a +1 whip of electrocution.
A gnoll is nearby!
A gnoll is nearby!
The gnoll shouts!
The gnoll hits you with a +1 whip of electrocution!
You are electrocuted!!
You hit the gnoll but do no damage.
The gnoll is poisoned.
The gnoll hits you but does no damage.
You hit the gnoll.
The gnoll looks as sick as possible!
The gnoll is moderately wounded.
You hit the gnoll.
The gnoll looks as sick as possible!
Your bite misses the gnoll.
The gnoll is heavily wounded.
The gnoll drinks a potion.
The gnoll goes berserk!
You barely miss the gnoll. You bite the gnoll, but do no damage.
The gnoll is severely wounded.
The gnoll hits you with a +1 whip of electrocution!
You are electrocuted!
* * * LOW HITPOINT WARNING * * *
You are too injured to fight recklessly!
You are too injured to fight recklessly!
You are too injured to fight recklessly!
You are too injured to fight recklessly!
You are too injured to fight recklessly!
You are too injured to fight recklessly!
You are too injured to fight recklessly!
You are too injured to fight recklessly!
You hit the gnoll.
The gnoll is almost dead.
The gnoll hits you with a +1 whip of electrocution.
* * * LOW HITPOINT WARNING * * *
You are electrocuted!!
You die...
Your body crumbles into a pile of gold.

#.# #.## #.# ##### #..# #.# #...#
##.# ###########.## #.#.# #.#
#............# #.#.# ##.#
#####.#########..# #>#.# ##..##
#............##..#####.#.###...##
#................g.....#...#.####
......$....#.##.@####.###.##....#
###.#$######..........# #..####.#
# #.#$# ####..####.# ##.$$.#.#
###.#.#########..# #.# ###..#.#
....#.......)....# #.# ####.#
...############.## #.# ##.$..#
...### #.# ###.#####..#.#. .....#
#)###............#. $.##.#
####.....#.##########.


You could see a gnoll (berserk, extremely poisoned).

Vanquished Creatures
  Grinder (D:4)
  Prince Ribbit (D:6)
  3 water moccasins
  2 black bears (D:5)
  3 sky beasts
  An orc warrior (D:3)
  2 ice beasts (D:6)
  An ogre (D:4)
  2 scorpions (D:6)
  2 howler monkeys
  5 hounds
  A gnoll bouda (D:6)
  Jessica (D:2)
  An orc wizard (D:6)
  7 gnolls (D:6)
  5 adders
  An ufetubus (D:5)
  3 dart slugs
  7 orcs
  4 ball pythons
  4 endoplasms
  4 giant cockroaches
  5 goblins
  4 hobgoblins
  7 jackals
  10 kobolds
  3 quokkas
  A bat (D:2)
  2 frilled lizards (D:1)
  7 rats
100 creatures vanquished.

Vanquished Creatures (others)
  2 plants (D:4)
2 creatures vanquished.

Grand Total: 102 creatures vanquished

Notes
Turn   | Place    | Note
-------+----------+-------------------------------------------
     0 | D:1      | gruber the Vine Stalker Fighter began the quest for the
                  | Orb.
     0 | D:1      | Reached XP level 1. HP: 11/11 MP: 2/2
    31 | D:1      | Reached skill level 2 in Short Blades
    67 | D:1      | Reached XP level 2. HP: 16/16 MP: 3/3
   276 | D:1      | Reached skill level 3 in Short Blades
   279 | D:1      | Reached XP level 3. HP: 19/19 MP: 2/4
   551 | D:2      | Noticed Jessica
   558 | D:2      | Killed Jessica
   559 | D:2      | Gained mutation: Your natural rate of healing is unusually
                  | fast. [Vine Stalker growth]
   559 | D:2      | Reached XP level 4. HP: 17/23 MP: 5/5
   619 | D:2      | Reached skill level 4 in Short Blades
   879 | D:2      | Identified the +1 leather armour of Kircheoc {Harm rF+
                  | Int-4 Slay+3}
  1094 | D:3      | Noticed an orc warrior
  1106 | D:3      | Killed an orc warrior
  1107 | D:3      | Reached XP level 5. HP: 11/27 MP: 6/6
  1177 | D:3      | Identified the ring of Midsummer {Fly rPois Will+ Stlth+}
  1919 | D:4      | Noticed Grinder
  1920 | D:4      | Found a staircase to the Ecumenical Temple.
  1938 | D:4      | Paralysed by Grinder for 5 turns
  1950 | D:4      | Killed Grinder
  1951 | D:4      | Reached XP level 6. HP: 24/32 MP: 7/7
  2019 | D:4      | Reached XP level 7. HP: 33/35 MP: 8/8
  2168 | D:4      | Reached skill level 5 in Armour
  2531 | D:4      | Found a glowing drain.
  2546 | Sewer    | Entered a sewer
  2731 | Temple   | Entered the Ecumenical Temple
  2767 | Temple   | Became a worshipper of Gozag Ym Sagoz the Greedy
  2839 | D:5      | Entered Level 5 of the Dungeon
  3000 | D:5      | Gained mutation: You have razor-sharp teeth. [Vine Stalker
                  | growth]
  3000 | D:5      | Reached XP level 8. HP: 39/42 MP: 7/9
  3236 | D:5      | Reached skill level 5 in Short Blades
  3854 | D:6      | Reached skill level 6 in Short Blades
  3910 | D:6      | Noticed Prince Ribbit
  3936 | D:6      | Killed Prince Ribbit
  3937 | D:6      | Reached skill level 7 in Short Blades
  3937 | D:6      | Reached XP level 9. HP: 43/45 MP: 10/10
  4105 | D:6      | Found a hide-covered altar of Uskayaw.
  4235 | D:6      | Reached skill level 8 in Short Blades
  4650 | D:6      | Mangled by a gnoll

Illustrated notes

Levels and vault maps discovered:
D:1:      ncdulo_watergridlock, layout_basic, hangedman_decor_points,
          minmay_domino_4
D:2:      layout_rooms, uniq_jessica
D:3:      layout_basic, grunt_ministairs_9
D:4:      layout_cave_pools, minmay_temple_entry_junction, serial_bayou,
          serial_bayou_crossing, serial_bayou_pond_c, serial_bayou_lagoon_a,
          serial_bayou_lake_a, portal_sewer_entry_d, uniq_grinder
D:5:      layout_basic
D:6:      layout_loops_ring, nicolae_uskayaw_dance_hall, corexii_checkpoint_b,
          uniq_prince_ribbit1
Temple:   hellmonk_temple_of_storms

Skill      XL: |  1  2  3  4  5  6  7  8  9 |
---------------+----------------------------+-----
Short Blades   | 2 3 4 7 8 |  8.5
Shields        | 4 |  4.0
Armour         | 4 5 |  5.0
Fighting       | 4 |  4.2
Dodging        | 2 |  2.2

Action                   |  1- 3 |  4- 6 |  7- 9 || total
-------------------------+-------+-------+-------++-------
Melee: Rapier            |    84 |    82 |       ||   166
       Bite              |    15 |    23 |    76 ||   114
       Short sword       |       |     9 |   226 ||   235
  Use: Potion            |       |     6 |       ||     6
 Stab: Distracted        |       |       |     1 ||     1
Armor: Scale mail        |    44 |    28 |    61 ||   133
Dodge: Dodged            |    33 |    30 |    67 ||   130
Block: Buckler           |    18 |    15 |    47 ||    80

Table legend: (Time is in decaauts)
 A = Elapsed time spent in this place.
 B = Non-inter-level travel time spent in this place.
 C = Inter-level travel time spent in this place.
 D = Time resting spent in this place.
 E = Time spent auto-exploring this place.
 F = Levels seen in this place.
 G = Mean time per level.
                   A        B        C        D        E       F      G
               +--------+--------+--------+--------+--------+-----+--------+
         Total |   4616 |   4356 |    260 |      0 |   3533 |   8 |  577.0 |
       Dungeon |   4454 |   4204 |    250 |      0 |   3439 |   6 |  742.3 |
        Temple |     45 |     36 |      9 |      0 |     18 |   1 |   45.0 |
         Sewer |    116 |    116 |      0 |      0 |     76 |   1 |  116.0 |
               +--------+--------+--------+--------+--------+-----+--------+

Top non-repeatable levels by time:
     D:5: 981 daAuts
     D:3: 825 daAuts
     D:4: 800 daAuts
     D:6: 777 daAuts
     D:1: 551 daAuts
     D:2: 518 daAuts
   Sewer: 116 daAuts
  Temple: 45 daAuts
